 Dungeon Crawl Stone Soup version 0.17.0-26-gececa24 (webtiles) character file.

21 4thArraOfDagon the Charlatan (level 2, -3/21 HPs)
             Began as a Vine Stalker Artificer on Nov 19, 2015.
             Was an Initiate of Cheibriados.
             Killed from afar by an orc wizard (5 damage)
             ... with a magic dart
             ... on level 4 of the Dungeon.
             The game lasted 00:02:42 (238 turns).

4thArraOfDagon the Charlatan (VSAr)                  Turns: 238, Time: 00:02:43

Health: -3/21      AC: 21    Str: 14    XL:     2   Next: 83%
Magic:  0/5        EV:  2    Int: 17    God:    Cheibriados [......]
Gold:   4          SH:  0    Dex: 15    Spells: 0 memorised, 1 level left

rFire  . . .     SeeInvis .       - Unarmed
rCold  . . .     Clarity  .     (armour currently unavailable)
rNeg   + + +     SustAt   .     (no shield)
rPois  +         Gourm    .     (helmet currently unavailable)
rElec  .         Spirit   +     (cloak currently unavailable)
rCorr  .         Warding  .     (gloves currently unavailable)
rMut   .         NoTele   +     (boots currently unavailable)
MR     .....                    (no amulet)
Stlth  +.........               (no ring)
                                j - +4 ring of intelligence

@: confused, tree-form, very slow, not resistant to hostile enchantments, very
unstealthy
A: (fangs 0), regeneration 1, magic shield, (antimagic bite), no device heal 3,
rot immunity
a: Bend Time, Renounce Religion


You were on level 4 of the Dungeon.
You worshipped Cheibriados.
Cheibriados was noncommittal.
You were not hungry.
You were a tree.
You visited 2 branches of the dungeon, and saw 5 of its levels.

You collected 4 gold pieces.

Inventory:

Armour
 b - a +1 leather armour (melded)
 i - a +0 plate armour
Jewellery
 j - a +4 ring of intelligence (left branch)
Wands
 c - a wand of flame (13)
 d - a wand of enslavement (14)
 e - a wand of random effects (15)
Comestibles
 a - a meat ration
 f - a bread ration


   Skills:
 - Level 0.8 Fighting
   Level 0.8 Short Blades
 - Level 1.6 Dodging
 - Level 1.2 Stealth
 * Level 2.2 Unarmed Combat
 - Level 2.7 Evocations


You had one spell level left.
You didn't know any spells.

Dungeon Overview and Level Annotations

Branches:
Dungeon (4/15)             Temple (1/1) D:4

Altars:
Ashenzari
Cheibriados
Kikubaaqudgha
Qazlal
Sif Muna


Innate Abilities, Weirdness & Mutations

((You have extremely sharp teeth.))
Your natural rate of healing is unusually fast.
When hurt, damage is shared between your health and your magic reserves.
((Your bite disrupts and absorbs the magic of your enemies.))
Potions and wands cannot restore your health.
You are immune to rotting.


Message History

The orc wizard hits you but does no damage.
Are you sure you want to swing wildly while confused and next to your butterfly?
Okay, then.
Are you sure you want to swing wildly while confused and next to your butterfly?
You miss something. Something hits you but does no damage.
The orc wizard casts a spell at you. The magic dart hits you!
* * * LOW HITPOINT WARNING * * *
Unknown command.
You cannot move. (Use ctrl+direction to attack without moving.) Unknown command.
You cannot move. (Use ctrl+direction to attack without moving.)
You hit the orc wizard but do no damage.
Something hits you.
* * * LOW HITPOINT WARNING * * *
Unknown command.
You miss something. The orc wizard casts a spell at you.
The magic dart hits you!
You die...

####..##.##.##...#
# ##....##.##...#
..####.##...## .##
#.####..# #.# #.#
#..## #.. ...
#bb.# .. ... #...#
#bo.# #♣#.# #)#.#
#o..# ###.# #...
#.... ....# ..#
..#


You could see an orc wizard and an orc.

Vanquished Creatures
  An adder (D:4)
  3 orcs
  A bat (D:2)
  A goblin (D:1)
  A hobgoblin (D:2)
  A rat (D:2)
8 creatures vanquished.

Vanquished Creatures (others)
  An orc priest (D:3)
1 creature vanquished.

Grand Total: 9 creatures vanquished

Notes
Turn   | Place    | Note
--------------------------------------------------------------
     0 | D:1      | 4thArraOfDagon the Vine Stalker Artificer began the quest for the Orb.
     0 | D:1      | Reached XP level 1. HP: 9/9 MP: 3/3
    61 | D:3      | Noticed an orc wizard
    61 | D:3      | Noticed an orc priest
    71 | D:3      | an orc priest (ally) was killed
    77 | D:2      | Reached skill level 1 in Unarmed Combat
    86 | D:2      | Reached XP level 2. HP: 10/14 MP: 5/5
   126 | D:4      | Found a staircase to the Ecumenical Temple.
   146 | Temple   | Entered the Ecumenical Temple
   174 | Temple   | Became a worshipper of Cheibriados the Contemplative
   237 | D:4      | HP: 1/21 [something (1)]
   238 | D:4      | Killed from afar by an orc wizard

Action                   || total
-------------------------++-------
Melee: Short sword       ||    31
       Unarmed           ||     8
Evoke: Wand              ||     3
  Use: Scroll            ||     2
       Potion            ||     1
 Stab: Sleeping          ||     1
